[Event "December 19 Early 2023"]
[Site "https://www.chess.com"]
[Date "2023.12.19"]
[Round "2"]
[White "Matinian, Nikita"]
[Black "Porozhnyak, Maya"]
[Result "1-0"]
[Board "126"]
[TimeControl "180+1"]
[WhiteFideId "24129100"]
[BlackFideId "34115843"]
[WhiteElo "2417"]
[BlackElo "1932"]
[WhiteTeam "FID"]
[BlackTeam "RUS"]
[WhiteClock "0:00:44"]
[BlackClock "0:00:07"]

1. e4 c5 2. Nc3 e6 3. d4 cxd4 4. Qxd4 a6 5. Nf3 Nc6 6. Qe3 Qc7 7. Bd2 b5 8. O-O-O Bb7 9. Nd5 exd5 10. exd5+ Nce7 11. Bb4 d6 12. Ng5 h6 13. Nxf7 Kxf7 14. Qe6+ Ke8 15. Bd3 Nf6 16. Rhe1 Bxd5 17. Bg6+ Kd8 18. Rxd5 Nfxd5 19. Qf7 Nf6 20. Be4 d5 21. Bf3 Rc8 22. c3 a5 23. Bxe7+ Qxe7 24. Rxe7 Bxe7 25. Qxg7 Rg8 26. Qxh6 Ne4 27. Qb6+ Rc7 28. Qxb5 Nxf2 29. Qxd5+ Rd7 30. Qxg8+ Kc7 31. Qg3+ Bd6 32. Qxf2 Bf4+ 33. Kc2 Rd2+ 34. Qxd2 Bxd2 35. Kxd2 Kd6 36. Kd3 Ke5 37. g3 1-0

[Event "December 19 Early 2023"]
[Site "https://www.chess.com"]
[Date "2023.12.19"]
[Round "2"]
[White "Krzyzanowski, Marcin"]
[Black "Matveeva, Olga"]
[Result "1-0"]
[Board "127"]
[TimeControl "180+1"]
[WhiteFideId "1132199"]
[BlackFideId "24107018"]
[WhiteElo "2471"]
[BlackElo "1883"]
[WhiteTeam "POL"]
[BlackTeam "RUS"]
[WhiteClock "0:02:15"]
[BlackClock "0:00:21"]

1. e4 c6 2. d4 d5 3. Nc3 dxe4 4. Nxe4 Nf6 5. Nxf6+ exf6 6. c3 Bd6 7. Bd3 O-O 8. Ne2 Re8 9. O-O Nd7 10. Ng3 Nf8 11. f4 c5 12. d5 Bd7 13. c4 Rb8 14. a4 a6 15. a5 b5 16. axb6 Qxb6 17. Ra3 a5 18. Nh5 a4 19. f5 Kh8 20. Qg4 Ng6 21. Bb1 Rg8 22. Rh3 Ne5 23. Nxf6 gxf6 24. Rxh7+ Kxh7 25. Qh5+ 1-0

[Event "December 19 Early 2023"]
[Site "https://www.chess.com"]
[Date "2023.12.19"]
[Round "2"]
[White "Zavgorodniy, Sergiy"]
[Black "Joel Paul Ganta"]
[Result "1-0"]
[Board "128"]
[TimeControl "180+1"]
[WhiteFideId "14110148"]
[BlackFideId "35066145"]
[WhiteElo "2402"]
[BlackElo "1891"]
[WhiteTeam "UKR"]
[BlackTeam "IND"]
[WhiteClock "0:01:00"]
[BlackClock "0:00:55"]

1. e4 c5 2. g3 d5 3. exd5 Qxd5 4. Nf3 Bg4 5. Bg2 Qe6+ 6. Kf1 Nc6 7. h3 Bh5 8. d3 O-O-O 9. Be3 Nd4 10. Nbd2 g6 11. g4 Bg7 12. gxh5 gxh5 13. c3 Nf5 14. Bxc5 Rxd3 15. Qe2 Qd7 16. Bd4 Rxd4 17. cxd4 Nf6 18. Rc1+ Kb8 19. Qe5+ Ka8 20. Qc7 Qb5+ 21. Qc4 Qxc4+ 22. Rxc4 Nd6 23. Rc1 Nd5 24. Ne5 Nf4 25. Rg1 Bh6 26. Rc7 Nxg2 27. Rxg2 Bxd2 28. Rxe7 a6 29. Nxf7 Nxf7 30. Rxf7 Re8 31. Rgg7 Re1+ 32. Kg2 Re2 33. Rxb7 Be1 34. Rbf7 Rxb2 35. Rg8+ Rb8 36. Rxb8+ Kxb8 37. Rxh7 Bc3 38. Rxh5 Bxd4 39. Rf5 Ka7 40. Kf3 Kb6 41. Ke4 1-0

[Event "December 19 Early 2023"]
[Site "https://www.chess.com"]
[Date "2023.12.19"]
[Round "2"]
[White "Kornyukov, Alexey"]
[Black "Mendoza, Rodrigo"]
[Result "0-1"]
[Board "129"]
[TimeControl "180+1"]
[WhiteFideId "4150457"]
[BlackFideId "3301931"]
[WhiteElo "2352"]
[BlackElo "2111"]
[WhiteTeam "RUS"]
[BlackTeam "BOL"]
[WhiteClock "0:00:07"]
[BlackClock "0:00:19"]

1. e4 c6 2. d4 d5 3. Nc3 dxe4 4. Nxe4 Bf5 5. Ng3 Bg6 6. h4 h6 7. h5 Bh7 8. Bc4 e6 9. Nf3 Nf6 10. Bf4 Bd6 11. Be5 O-O 12. Qe2 Nd5 13. O-O-O Nf4 14. Bxf4 Bxf4+ 15. Kb1 Nd7 16. Ne5 Qc7 17. Nxf7 Rxf7 18. Bxe6 Nb6 19. Qg4 Kh8 20. Bxf7 Qxf7 21. Rhe1 Nd5 22. Ne4 Nb4 23. b3 Re8 24. f3 Nd5 25. Qh3 Bf5 26. Qh1 Bxe4 27. Rxe4 Nc3+ 28. Ka1 Nxe4 29. fxe4 Rxe4 30. Qh3 Qd5 31. Qc8+ Kh7 32. c3 Re2 33. Qg4 Qe4 34. g3 Bg5 35. Qd7 Qc2 0-1

[Event "December 19 Early 2023"]
[Site "https://www.chess.com"]
[Date "2023.12.19"]
[Round "2"]
[White "Shapiro, Daniel"]
[Black "Xhembulla, Aleksander"]
[Result "0-1"]
[Board "130"]
[TimeControl "180+1"]
[WhiteFideId "2001780"]
[BlackFideId "4705114"]
[WhiteElo "2324"]
[BlackElo "2220"]
[WhiteTeam "USA"]
[BlackTeam "ALB"]
[WhiteClock "0:00:00"]
[BlackClock "0:00:08"]

1. d4 Nf6 2. c4 e6 3. g3 b6 4. Bg2 d5 5. Nc3 Bb7 6. Nf3 Be7 7. cxd5 exd5 8. O-O O-O 9. Qb3 a6 10. Bf4 Re8 11. Rac1 c5 12. dxc5 Bxc5 13. Ne5 Nbd7 14. Nd3 Rc8 15. Rfd1 Ba8 16. Nxd5 Ne4 17. Bh3 g5 18. Bxd7 gxf4 19. Nxc5 Nxc5 20. Qf3 Nxd7 21. Rxc8 Qxc8 22. Qg4+ Kh8 23. Nxf4 Ne5 24. Qh4 Qc6 25. f3 Qc5+ 26. Kg2 Qc6 27. Qg5 Ng6 28. Nh5 Rxe2+ 29. Kh3 Qe6+ 30. g4 Bc6 31. Rd8+ Be8 32. Nf6 Qc6 33. Nxe8 Rxe8 0-1

[Event "December 19 Early 2023"]
[Site "https://www.chess.com"]
[Date "2023.12.19"]
[Round "2"]
[White "Ozates, Tuna"]
[Black "Shimanov, Aleksandr"]
[Result "1-0"]
[Board "131"]
[TimeControl "180+1"]
[WhiteFideId "6354521"]
[BlackFideId "4198603"]
[WhiteElo "2151"]
[BlackElo "2611"]
[WhiteTeam "TUR"]
[BlackTeam "RUS"]
[WhiteClock "0:00:10"]
[BlackClock "0:00:00"]

1. c4 g6 2. Nc3 Bg7 3. g3 c6 4. e4 d6 5. Bg2 h5 6. h3 e5 7. Nge2 h4 8. g4 g5 9. d4 f6 10. Be3 Ne7 11. c5 Ng6 12. d5 dxc5 13. Bxc5 Na6 14. Ba3 b5 15. Qb3 b4 16. Bxb4 c5 17. Ba3 O-O 18. Qc4 Qa5 19. O-O Bd7 20. Rfd1 Kh7 21. Bf1 Nb4 22. Rac1 Rfc8 23. d6 Nf8 24. Nd5 Rab8 25. Nc7 Rb6 26. Qxc5 Qxc5 27. Rxc5 Nxa2 28. Ra5 Nb4 29. Rxa7 Nc2 30. Nd5 Rb3 31. Nec3 Nd4 32. Ba6 Rd8 33. Bc4 Rbb8 34. Nc7 Ng6 35. N3d5 Nf3+ 36. Kg2 Nd4 37. b4 Nc6 38. Ra6 Nd4 39. Ra5 Nc2 40. b5 Nxa3 41. Rxa3 Kh6 42. b6 Nf8 43. Rb1 Bc6 44. Ra7 Nd7 45. Ne6 Rg8 46. Ne7 Rgc8 47. Nxc6 Rxc6 48. Rxd7 Bf8 49. Bd5 Rxd6 50. Rxd6 Bxd6 51. b7 Re8 52. Rc1 Re7 53. Rc8 Kg6 54. b8=Q 1-0

[Event "December 19 Early 2023"]
[Site "https://www.chess.com"]
[Date "2023.12.19"]
[Round "2"]
[White "Hartikainen, Jarmo"]
[Black "Muradli, Mahammad"]
[Result "0-1"]
[Board "132"]
[TimeControl "180+1"]
[WhiteFideId "503134"]
[BlackFideId "13409301"]
[WhiteElo "2130"]
[BlackElo "2551"]
[WhiteTeam "FIN"]
[BlackTeam "AZE"]
[WhiteClock "0:00:12"]
[BlackClock "0:00:14"]

1. e4 Nf6 2. e5 Nd5 3. Nf3 d6 4. Bc4 Nb6 5. Bxf7+ Kxf7 6. Ng5+ Kg8 7. e6 Qe8 8. Qf3 g6 9. d4 Bg7 10. d5 Bf6 11. Nf7 Qb5 12. Nc3 Qc4 13. Bd2 Na6 14. g4 Nb4 15. g5 N4xd5 16. gxf6 Nxf6 17. O-O-O Qc6 18. Qxc6 bxc6 19. Nxh8 Kxh8 20. f3 Kg7 21. Ne4 Nxe4 22. fxe4 Bxe6 23. Bc3+ Kh6 24. Rdf1 Nd7 25. h4 Rf8 26. Rxf8 Nxf8 27. h5 gxh5 28. Rg1 Ng6 29. Bd2+ Kg7 30. Bc3+ Kf7 31. Rg5 h4 32. e5 d5 33. Rh5 Kg7 34. Be1 h6 35. Bxh4 Nf4 36. Rxh6 Kxh6 37. Bxe7 Kg6 38. Bd8 Kf5 39. Bxc7 Ke4 40. Bb8 a6 41. Kd2 Ng6 42. b4 Nxe5 43. Bxe5 Kxe5 44. a4 d4 45. Kd3 Kd5 46. c4+ Ke5 47. b5 axb5 48. axb5 c5 49. b6 Bf5+ 50. Kd2 Bc8 51. Kd3 Bb7 52. Kd2 Kd6 53. Ke2 Kc6 54. Kd3 Kxb6 55. Kd2 Ka5 56. Kd3 Kb4 57. Kc2 Kxc4 58. Kd2 d3 59. Ke3 Kc3 60. Kf4 d2 61. Ke5 d1=Q 62. Ke6 Bd5+ 63. Ke5 Ba2 64. Ke4 Qd4+ 0-1

[Event "December 19 Early 2023"]
[Site "https://www.chess.com"]
[Date "2023.12.19"]
[Round "2"]
[White "Corrales Jimenez, Fidel"]
[Black "Buchenau, Frank"]
[Result "1-0"]
[Board "133"]
[TimeControl "180+1"]
[WhiteFideId "3506690"]
[BlackFideId "4604350"]
[WhiteElo "2507"]
[BlackElo "2157"]
[WhiteTeam "USA"]
[BlackTeam "GER"]
[WhiteClock "0:01:35"]
[BlackClock "0:00:00"]

1. b3 d5 2. Bb2 Bg4 3. h3 Bh5 4. d3 Nc6 5. Nd2 e5 6. g4 Bg6 7. e3 h5 8. Bg2 hxg4 9. hxg4 Rxh1 10. Bxh1 Bc5 11. a3 a5 12. Qf3 Nge7 13. Qh3 Kd7 14. Ngf3 f6 15. Bg2 1-0

[Event "December 19 Early 2023"]
[Site "https://www.chess.com"]
[Date "2023.12.19"]
[Round "2"]
[White "Sjugirov, Sanan"]
[Black "Bach Ngoc Thuy Duong"]
[Result "1-0"]
[Board "134"]
[TimeControl "180+1"]
[WhiteFideId "4189302"]
[BlackFideId "12408956"]
[WhiteElo "2569"]
[BlackElo "1970"]
[WhiteTeam "HUN"]
[BlackTeam "VIE"]
[WhiteClock "0:02:10"]
[BlackClock "0:00:00"]

1. e4 c5 2. Nf3 d6 3. Bb5+ Nc6 4. O-O Bd7 5. Re1 a6 6. Bxc6 Bxc6 7. d4 cxd4 8. Nxd4 e5 9. Nxc6 bxc6 10. Nd2 Nf6 11. Nc4 h6 12. b3 Be7 13. Ba3 c5 14. Qd3 O-O 15. Rad1 Rc8 16. Bc1 Rc6 17. Re3 Qc7 18. Rg3 Kh7 19. Rh3 Rd8 20. Bg5 Ne8 21. Bd2 Rc8 22. Ne3 Bg5 23. Nd5 Qd8 24. c4 Bxd2 25. Qxd2 Nf6 26. Nc3 Rb8 27. Qd3 Kg8 28. Qf3 Kf8 29. Rg3 Qe7 30. Re1 Qe6 31. h3 Rcc8 32. Qd3 Nh5 33. Rf3 Nf4 34. Qd2 Qg6 35. Rg3 Qf6 36. Rd1 Rd8 37. Kh2 Rbc8 38. Rf3 Qg6 39. Rg3 Qf6 40. Qe3 Qe6 41. Nd5 Ng6 42. Qd2 Rd7 43. Ne3 Rdd8 44. Nf5 Rc6 45. Qe3 Qc8 46. Qf3 Qe6 47. Qg4 Rd7 48. h4 Qf6 49. h5 Nf4 50. Nxg7 Rd8 51. Nf5 1-0

[Event "December 19 Early 2023"]
[Site "https://www.chess.com"]
[Date "2023.12.19"]
[Round "2"]
[White "Kahlert, Thomas"]
[Black "Mahdavi, Reza"]
[Result "0-1"]
[Board "135"]
[TimeControl "180+1"]
[WhiteFideId "4625242"]
[BlackFideId "12595926"]
[WhiteElo "2221"]
[BlackElo "2426"]
[WhiteTeam "GER"]
[BlackTeam "IRI"]
[WhiteClock "0:00:43"]
[BlackClock "0:00:15"]

1. c4 e6 2. Nf3 d5 3. d4 Nf6 4. Nc3 a6 5. cxd5 exd5 6. Bg5 c6 7. Qc2 Be7 8. e3 O-O 9. Bd3 h6 10. Bxf6 Bxf6 11. O-O Re8 12. Bf5 Nd7 13. Rab1 g6 14. Bh3 b6 15. Rfc1 Bb7 16. Na4 Nf8 17. Qb3 b5 18. Nc5 Bc8 19. Bxc8 Qxc8 20. Qd3 Qc7 21. Re1 Be7 22. Rbc1 Bd6 23. g3 Nh7 24. e4 dxe4 25. Nxe4 Bb4 26. Red1 Rad8 27. a3 Bf8 28. Nc5 Qb6 29. Qc2 Rd5 30. Re1 Rxe1+ 31. Rxe1 Bxc5 32. dxc5 Qxc5 33. Qxc5 Rxc5 34. Re8+ Kg7 35. Ra8 Nf6 36. Rxa6 Ne4 37. Nd4 Rc4 38. Nxc6 Rc1+ 39. Kg2 Rc2 40. Kf3 Nd2+ 41. Ke2 Nc4+ 42. Kf3 Rxb2 43. Ra7 Nd2+ 44. Ke2 Nc4+ 45. Kf3 Rb3+ 46. Kg2 Rxa3 47. Rb7 Ra2 48. Rxb5 Ne3+ 49. Kf3 Nd1 50. g4 Rxf2+ 51. Kg3 Rd2 52. Ne5 Nc3 53. Rb7 Ne4+ 54. Kf4 Ng5 55. h4 Rd4+ 56. Kg3 Ne4+ 57. Kg2 Nd6 58. Rd7 h5 59. gxh5 gxh5 60. Nf3 Rg4+ 61. Kf1 Ne4 62. Ke2 Ng3+ 63. Ke3 Nf5+ 64. Kf2 Nxh4 65. Rxf7+ Kxf7 66. Ne5+ Kf6 67. Nxg4+ hxg4 68. Kg3 Kg5 0-1

[Event "December 19 Early 2023"]
[Site "https://www.chess.com"]
[Date "2023.12.19"]
[Round "2"]
[White "Vakhlamov, Igor L."]
[Black "Recuero Guerra, Javier"]
[Result "1-0"]
[Board "136"]
[TimeControl "180+1"]
[WhiteFideId "24126748"]
[BlackFideId "2254085"]
[WhiteElo "2407"]
[BlackElo "2208"]
[WhiteTeam "RUS"]
[BlackTeam "ESP"]
[WhiteClock "0:01:41"]
[BlackClock "0:00:00"]

1. e4 c5 2. Nf3 e6 3. Nc3 Nc6 4. d4 cxd4 5. Nxd4 Qc7 6. Nxc6 bxc6 7. Qg4 d5 8. Qg3 Qxg3 9. hxg3 Nf6 10. Bd3 h6 11. Bd2 Bd7 12. O-O-O Bb4 13. a3 Bc5 14. f3 O-O 15. g4 Be7 16. e5 Ne8 17. f4 c5 18. g3 c4 19. Be2 f6 20. exf6 Nxf6 21. Bf3 Rad8 22. Be3 Bc6 23. Bd4 Rd7 24. Rde1 Re8 25. Rxe6 Kf7 26. Rhe1 1-0

[Event "December 19 Early 2023"]
[Site "https://www.chess.com"]
[Date "2023.12.19"]
[Round "2"]
[White "Dyachuk, Artem"]
[Black "Stillger, Bernhard"]
[Result "1-0"]
[Board "137"]
[TimeControl "180+1"]
[WhiteFideId "34107924"]
[BlackFideId "4610768"]
[WhiteElo "2244"]
[BlackElo "2252"]
[WhiteTeam "UKR"]
[BlackTeam "GER"]
[WhiteClock "0:00:12"]
[BlackClock "0:00:10"]

1. e4 c6 2. Nc3 d5 3. Nf3 g6 4. d4 Bg7 5. e5 f6 6. Bd3 Nh6 7. exf6 exf6 8. O-O O-O 9. h3 Nd7 10. Ne2 f5 11. Nf4 Nf6 12. Ng5 Re8 13. c3 Nf7 14. Nxf7 Kxf7 15. Bc2 b6 16. Nd3 Nd7 17. Bf4 Ba6 18. Qf3 Bxd3 19. Bxd3 Nf6 20. c4 Qd7 21. cxd5 Nxd5 22. Bg3 Bxd4 23. Rfd1 Bxb2 24. Rab1 Be5 25. Bh4 Bf6 26. Bxf6 Kxf6 27. Bc4 Re5 28. Rbc1 Rd8 29. Qg3 b5 30. Bb3 a5 31. Rc5 a4 32. f4 Ree8 33. Bc2 Kg7 34. Qf2 Qe7 35. Rxc6 Ne3 36. Re1 b4 37. Bxa4 Rd3 38. Rcc1 Qa7 39. Bxe8 1-0

[Event "December 19 Early 2023"]
[Site "https://www.chess.com"]
[Date "2023.12.19"]
[Round "2"]
[White "Rustemov, Alexander"]
[Black "Mouhamad, Joachim"]
[Result "1-0"]
[Board "138"]
[TimeControl "180+1"]
[WhiteFideId "4119002"]
[BlackFideId "656410"]
[WhiteElo "2787"]
[BlackElo "2125"]
[WhiteTeam "RUS"]
[BlackTeam "FRA"]
[WhiteClock "0:01:18"]
[BlackClock "0:00:00"]

1. d4 d5 2. c4 dxc4 3. Nf3 Nf6 4. e3 e6 5. Bxc4 c5 6. O-O a6 7. e4 cxd4 8. e5 Nd5 9. Qxd4 Nc6 10. Qe4 b5 11. Bb3 Bb7 12. Qg4 h5 13. Qg3 Nce7 14. Bg5 Qb6 15. Nbd2 Nf5 16. Qh3 f6 17. exf6 gxf6 18. Bxd5 Bxd5 19. Bxf6 Rh6 20. Bg5 Rh7 21. Rfe1 Kf7 22. Be3 Nxe3 23. Ng5+ Kg6 24. Nxh7 Ng4 25. Qd3+ Kg7 26. Re2 Bc5 27. Rf1 Rd8 28. Ng5 Rd6 29. Qh7+ Kf6 30. Nde4+ Bxe4 31. Nxe4+ Ke5 32. Nxc5+ 1-0

[Event "December 19 Early 2023"]
[Site "https://www.chess.com"]
[Date "2023.12.19"]
[Round "2"]
[White "Yuan, Qingyu"]
[Black "Can, Melih Kaan"]
[Result "1-0"]
[Board "139"]
[TimeControl "180+1"]
[WhiteFideId "8609772"]
[BlackFideId "6317383"]
[WhiteElo "2359"]
[BlackElo "2022"]
[WhiteTeam "CHN"]
[BlackTeam "TUR"]
[WhiteClock "0:01:00"]
[BlackClock "0:00:01"]

1. e4 c5 2. Nc3 d6 3. Nf3 Nc6 4. d4 cxd4 5. Nxd4 g6 6. Bb5 Bd7 7. O-O Bg7 8. Be3 Nf6 9. h3 O-O 10. a4 a6 11. Bd3 Rc8 12. Qd2 Qc7 13. Rfc1 Rfd8 14. Nce2 Ne5 15. c4 Nxd3 16. Qxd3 Bc6 17. Nc3 Nd7 18. b3 Nc5 19. Qc2 a5 20. Rd1 Qb6 21. Rab1 Qc7 22. f3 Na6 23. Qf2 Nb4 24. Qh4 e5 25. Ndb5 Bxb5 26. Nxb5 Qb8 27. Bg5 Rd7 28. Rd2 Nc6 29. Be3 Nd4 30. Nxd4 exd4 31. Rxd4 Bxd4 32. Bxd4 f5 33. Qf6 Rf8 34. Qh8+ Kf7 35. Qxh7+ Ke8 36. Qxg6+ Rdf7 37. exf5 Kd7 38. Qe6+ Kc7 39. c5 dxc5 40. Be5+ Kd8 41. Rd1+ 1-0

[Event "December 19 Early 2023"]
[Site "https://www.chess.com"]
[Date "2023.12.19"]
[Round "2"]
[White "Delorme, Axel"]
[Black "Postny, Evgeny"]
[Result "0-1"]
[Board "140"]
[TimeControl "180+1"]
[WhiteFideId "632023"]
[BlackFideId "2804344"]
[WhiteElo "2478"]
[BlackElo "2505"]
[WhiteTeam "FRA"]
[BlackTeam "ISR"]
[WhiteClock "0:00:00"]
[BlackClock "0:00:15"]

1. e4 c5 2. Nf3 Nc6 3. Bb5 g6 4. O-O Bg7 5. c3 Nf6 6. Re1 O-O 7. d4 d5 8. e5 Ne4 9. Be3 cxd4 10. cxd4 Qb6 11. Qe2 Bd7 12. Bxc6 Bxc6 13. Nc3 Nxc3 14. bxc3 Rac8 15. Qd2 Rfe8 16. Rab1 Qa5 17. h4 b6 18. h5 Bd7 19. h6 Bf8 20. Rec1 Rc4 21. Rb4 Rec8 22. Rxc4 Rxc4 23. Qb2 Ra4 24. Ra1 Qb5 25. Rb1 Qxb2 26. Rxb2 Ra3 27. Bd2 Bf5 28. Ne1 f6 29. exf6 exf6 30. f3 g5 31. g4 Be6 32. Nc2 Ra4 33. Be1 Bxh6 34. Bg3 Bf8 35. Nb4 Bf7 36. Kf2 Ra3 37. Rc2 a5 38. Nc6 Bg6 39. Rc1 Rxa2+ 40. Ke3 Rc2 41. Rxc2 Bxc2 42. Nd8 a4 43. Bc7 a3 0-1

[Event "December 19 Early 2023"]
[Site "https://www.chess.com"]
[Date "2023.12.19"]
[Round "2"]
[White "Leve, Nitai"]
[Black "Zamorano, Jorge"]
[Result "0-1"]
[Board "141"]
[TimeControl "180+1"]
[WhiteFideId "2006898"]
[BlackFideId "173770"]
[WhiteElo "2144"]
[BlackElo "2331"]
[WhiteTeam "USA"]
[BlackTeam "ARG"]
[WhiteClock "0:00:06"]
[BlackClock "0:00:06"]

1. e4 c5 2. Nf3 d6 3. d4 cxd4 4. Qxd4 a6 5. c4 Nf6 6. h3 e6 7. Nc3 Be7 8. Be2 O-O 9. Qe3 Nbd7 10. O-O b6 11. Rd1 Qc7 12. b3 Bb7 13. Ba3 Nc5 14. e5 dxe5 15. Qxe5 Rac8 16. Qxc7 Rxc7 17. Bc1 Rd7 18. Rxd7 Ncxd7 19. Be3 Rc8 20. Rd1 b5 21. Nd2 b4 22. Na4 Bc6 23. Nb6 Nxb6 24. Bxb6 Nd7 25. Bd4 a5 26. Bf3 Kf8 27. Bxc6 Rxc6 28. Ne4 f6 29. Be3 Ke8 30. Kf1 a4 31. Ra1 Ra6 32. Bd4 e5 33. Bb2 f5 34. Ng3 g6 35. Ne2 Bf6 36. Re1 Kf7 37. Nc1 axb3 38. axb3 e4 39. Bxf6 Kxf6 40. Ne2 Nc5 41. Nd4 Rd6 42. Nc2 Nxb3 43. Nxb4 Nd2+ 44. Ke2 Nxc4 45. Rc1 Ne5 46. Rc7 h5 47. Nc2 Nd3 48. Ne3 Nf4+ 49. Ke1 h4 50. Ra7 Nd3+ 51. Ke2 Nf4+ 52. Ke1 Rb6 53. g3 Rb1+ 54. Kd2 hxg3 55. fxg3 Nxh3 56. Ra6+ Kg5 57. Ke2 Ng1+ 58. Kf2 Nf3 59. Nd5 Rb2+ 60. Kf1 Nh2+ 61. Kg1 Nf3+ 62. Kf1 Rd2 63. Ne7 Nh2+ 64. Ke1 Nf3+ 65. Kf1 Ne5 66. Re6 Ng4 67. Rxg6+ Kh5 68. Re6 e3 69. Nxf5 Rf2+ 70. Ke1 Rxf5 71. Ke2 Kg5 72. Re4 Rf2+ 73. Ke1 Rg2 74. Re8 Rxg3 75. Rg8+ Kf4 76. Rf8+ Ke4 77. Ke2 Rg2+ 78. Ke1 Ne5 79. Ra8 Nd3+ 80. Kd1 Rd2# 0-1

[Event "December 19 Early 2023"]
[Site "https://www.chess.com"]
[Date "2023.12.19"]
[Round "2"]
[White "Skvortsov, Andrei"]
[Black "Rozhkov, Viacheslav"]
[Result "1-0"]
[Board "142"]
[TimeControl "180+1"]
[WhiteFideId "24108600"]
[BlackFideId "4181484"]
[WhiteElo "2338"]
[BlackElo "2237"]
[WhiteTeam "MNE"]
[BlackTeam "RUS"]
[WhiteClock "0:00:33"]
[BlackClock "0:00:00"]

1. e4 e6 2. d4 d5 3. exd5 exd5 4. Nf3 Nf6 5. Bd3 c5 6. O-O c4 7. Re1+ Be7 8. Bf1 O-O 9. Ne5 Ne4 10. Nd2 Bf5 11. Nexc4 Nxf2 12. Qf3 Bg6 13. Ne5 Ne4 14. Nxg6 fxg6 15. Qb3 Nxd2 16. Bxd2 Nc6 17. Qxb7 Qd6 18. Bc3 Bh4 19. Re2 Rae8 20. Qa6 Qf6 21. g3 Nxd4 22. Rxe8 Qf2+ 23. Kh1 Rxe8 24. Bxd4 Qxd4 25. gxh4 Rf8 26. Qd3 Qxb2 27. Qxd5+ Kh8 28. Re1 Qxc2 29. Qd6 Rc8 30. Bh3 Rg8 31. Be6 Re8 32. Qd7 Rf8 33. Bb3 Qf2 34. Qd1 h6 35. Rg1 Re8 36. Qd5 Kh7 37. Qf7 1-0

[Event "December 19 Early 2023"]
[Site "https://www.chess.com"]
[Date "2023.12.19"]
[Round "2"]
[White "Kovalevsky, Stanislav"]
[Black "Rostomyan, Mikayel"]
[Result "0-1"]
[Board "143"]
[TimeControl "180+1"]
[WhiteFideId "13508598"]
[BlackFideId "13313754"]
[WhiteElo "2043"]
[BlackElo "2059"]
[WhiteTeam "FID"]
[BlackTeam "ARM"]
[WhiteClock "0:00:04"]
[BlackClock "0:00:16"]

1. e4 c5 2. c3 Nf6 3. e5 Nd5 4. Nf3 Nc6 5. Bc4 Nb6 6. Bb3 c4 7. Bc2 d5 8. exd6 Qxd6 9. O-O Bg4 10. Re1 g6 11. Qe2 Bg7 12. Na3 Ne5 13. Be4 Rb8 14. Nb5 Qc5 15. Nbd4 O-O 16. h3 Bxf3 17. Nxf3 Rfd8 18. Nxe5 Qxe5 19. a4 f5 20. Bf3 Qxe2 21. Rxe2 e5 22. a5 Nc8 23. a6 e4 24. axb7 Rxb7 25. Bxe4 fxe4 26. Rxe4 Nd6 27. Re6 Kf7 28. Re3 Re8 29. Rf3+ Kg8 30. Kf1 Rbe7 31. g3 Re1+ 32. Kg2 R8e7 33. d3 h5 34. Bg5 Rxa1 35. Bxe7 Nf5 36. Bc5 Rb1 37. g4 Nh4+ 38. Kg3 Nxf3 39. Kxf3 Rxb2 40. dxc4 Rc2 41. Bxa7 Rxc3+ 42. Kf4 Rxc4+ 43. Kg5 Kh7 44. f4 Bf8 45. gxh5 gxh5 46. Bb8 Bh6+ 47. Kf5 Rc3 48. h4 Rh3 49. Be5 Rxh4 50. Ke6 Bxf4 51. Bf6 Rg4 52. Kf5 Bh6 53. Bg7 Bxg7 0-1

[Event "December 19 Early 2023"]
[Site "https://www.chess.com"]
[Date "2023.12.19"]
[Round "2"]
[White "Ozcan, Kaan"]
[Black "Dobrikov, Marco"]
[Result "1-0"]
[Board "144"]
[TimeControl "180+1"]
[WhiteFideId "34566422"]
[BlackFideId "12950378"]
[WhiteElo "2153"]
[BlackElo "2394"]
[WhiteTeam "TUR"]
[BlackTeam "GER"]
[WhiteClock "0:00:39"]
[BlackClock "0:00:52"]

1. e4 c5 2. Nc3 e6 3. d4 cxd4 4. Qxd4 Nc6 5. Qd2 a6 6. b3 b5 7. Bb2 Bb7 8. O-O-O Nf6 9. f3 Qc7 10. Nge2 Rc8 11. g4 Bb4 12. Bg2 O-O 13. h4 d5 14. g5 Nh5 15. exd5 exd5 16. a3 Ba5 17. b4 Nxb4 18. axb4 Bxb4 19. Qd4 Qa5 20. Bh3 Rc4 21. Qe5 d4 22. Rxd4 Rxc3 23. Rxb4 Rxc2+ 24. Kxc2 Qxb4 25. Bg4 Rd8 26. Bxh5 f6 27. gxf6 g6 28. Bg4 Qd2+ 29. Kb1 Qd3+ 30. Ka1 Bd5 31. Be6+ Kf8 32. Bxd5 Rxd5 33. Qe7+ Kg8 34. Qg7# 1-0

[Event "December 19 Early 2023"]
[Site "https://www.chess.com"]
[Date "2023.12.19"]
[Round "2"]
[White "Haring, Filip"]
[Black "Matthes, Aaron"]
[Result "1-0"]
[Board "145"]
[TimeControl "180+1"]
[WhiteFideId "14933080"]
[BlackFideId "16227310"]
[WhiteElo "2375"]
[BlackElo "2384"]
[WhiteTeam "SVK"]
[BlackTeam "GER"]
[WhiteClock "0:00:19"]
[BlackClock "0:01:04"]

1. Nf3 Nf6 2. c4 b6 3. g3 Bb7 4. Bg2 e6 5. O-O Be7 6. d4 O-O 7. Nc3 Ne4 8. Bd2 d6 9. Qc2 Nxd2 10. Qxd2 Nd7 11. e4 e5 12. Rad1 Kh8 13. Rfe1 Bf6 14. b3 Qe7 15. h4 a5 16. Bh3 exd4 17. Nxd4 Bxd4 18. Qxd4 Nc5 19. Bg2 Rad8 20. f4 Rfe8 21. Qf2 Qd7 22. Kh2 f6 23. e5 fxe5 24. fxe5 Rf8 25. Qc2 Bxg2 26. Qxg2 Qg4 27. exd6 Rxd6 28. Rxd6 cxd6 29. Rf1 Re8 30. Qc6 Qe6 31. Rf2 h6 32. Re2 Qxe2+ 33. Nxe2 Rxe2+ 34. Kh3 Rxa2 35. Qxb6 Ra3 36. Qxd6 Rxb3 37. Qxc5 Rb8 38. Qxa5 Rc8 39. c5 Kg8 40. Qb6 Kf7 41. Qb7+ 1-0

[Event "December 19 Early 2023"]
[Site "https://www.chess.com"]
[Date "2023.12.19"]
[Round "2"]
[White "Feuerstack, Aljoscha"]
[Black "Szyszylo, Rafal"]
[Result "1-0"]
[Board "146"]
[TimeControl "180+1"]
[WhiteFideId "4681932"]
[BlackFideId "1109626"]
[WhiteElo "2418"]
[BlackElo "1951"]
[WhiteTeam "GER"]
[BlackTeam "POL"]
[WhiteClock "0:00:18"]
[BlackClock "0:00:00"]

1. e4 d6 2. Nf3 Nf6 3. d3 g6 4. g3 e5 5. Bg2 Nc6 6. O-O Bg7 7. Re1 O-O 8. c3 h6 9. Be3 Bg4 10. Nbd2 Nh7 11. Qc1 g5 12. b4 Ne7 13. h4 Ng6 14. hxg5 Nxg5 15. Nxg5 hxg5 16. Nc4 Bf6 17. Bd2 Qd7 18. Ne3 Be6 19. Bf3 g4 20. Be2 Kg7 21. Qd1 Bg5 22. Nf5+ Bxf5 23. exf5 Bxd2 24. Bxg4 Qc6 25. Qxd2 Rh8 26. f3 Ne7 27. d4 f6 28. Kg2 Nd5 29. Rac1 b5 30. Red1 Nb6 31. Rh1 Nc4 32. Qf2 e4 33. Rxh8 Rxh8 34. fxe4 Qxe4+ 35. Bf3 Ne3+ 36. Kg1 Qd3 37. Qe2 Qxe2 38. Bxe2 Nxf5 39. Bxb5 Nxg3 40. Kg2 Ne4 41. Bd3 Ng5 42. Re1 Kf7 43. Bc4+ Kg6 44. Re7 1-0

[Event "December 19 Early 2023"]
[Site "https://www.chess.com"]
[Date "2023.12.19"]
[Round "2"]
[White "Aaditya Dhingra"]
[Black "Topalov, Aleksandar"]
[Result "1-0"]
[Board "147"]
[TimeControl "180+1"]
[WhiteFideId "25678191"]
[BlackFideId "925659"]
[WhiteElo "2269"]
[BlackElo "2151"]
[WhiteTeam "IND"]
[BlackTeam "SRB"]
[WhiteClock "0:01:42"]
[BlackClock "0:01:43"]

1. d4 Nf6 2. c4 c5 3. Nf3 g6 4. Nc3 Bg7 5. d5 d6 6. e4 O-O 7. Be2 e6 8. O-O Re8 9. dxe6 Bxe6 10. Bf4 Bg4 11. h3 Bxf3 12. Bxf3 Nc6 13. Bxd6 Nd4 14. Bxc5 Nxf3+ 15. Qxf3 Qc7 16. Bd4 Nxe4 17. Bxg7 Nd2 18. Qf6 Re6 19. Qd4 Nxf1 20. Rxf1 Rd8 21. Nd5 Qd6 22. Bh6 b5 23. Qg7# 1-0